 Dungeon Crawl Stone Soup version 0.16-b1 (webtiles) character file.

239 dysrexia the Cleaver (level 6, -7/50 HPs)
             Began as a Hill Orc Gladiator on Mar 5, 2015.
             Killed by divine providence
             ... invoked by an orc priest
              (9 damage)
             ... on level 4 of the Dungeon on Mar 7, 2015.
             The game lasted 00:13:37 (3221 turns).

dysrexia the Cleaver (Hill Orc Gladiator)           Turns: 3221, Time: 00:13:37

Health: -7/50      AC: 10    Str: 20    XL:     6   Next: 7%
Magic:  6/6        EV:  8    Int: 10    God:
Gold:   248        SH:  0    Dex: 15    Spells: 0 memorised, 5 levels left

rFire  . . .     SeeInvis .     n - -3 trident (curse)
rCold  . . .     Clarity  .     k - +0 chain mail
rNeg   . . .     SustAb   .     (no shield)
rPois  .         Gourm    .     c - +1 helmet
rElec  .         Spirit   .     (no cloak)
rCorr  .         Warding  .     (no gloves)
rMut   .         Stasis   .     (no boots)
MR     .....                    (no amulet)
Stlth  ..........               o - +4 ring of dexterity
                                l - +2 ring of intelligence

@: not resistant to hostile enchantments, extremely unstealthy
A: no striking features
a: Convert to Beogh


You were on level 4 of the Dungeon.
You were not hungry.

You visited 1 branch of the dungeon, and saw 4 of its levels.
You also visited: Sewer.

You collected 248 gold pieces.

Inventory:

Hand weapons
 a - a +0 war axe
 n - a cursed -3 trident (weapon)
Missiles
 d - 4 throwing nets (quivered)
Armour
 b - a +0 leather armour
 c - a +1 helmet (worn)
 k - a +0 chain mail (worn)
Jewellery
 l - a +2 ring of intelligence (left hand)
 o - a +4 ring of dexterity (right hand)
 t - an uncursed amulet of faith
Scrolls
 e - 2 scrolls of recharging
 s - a scroll of fog
 v - 2 scrolls of blinking
 y - a scroll of random uselessness {unknown}
 A - 3 scrolls of enchant weapon {unknown}
 C - a scroll of magic mapping
Potions
 i - a potion of haste
 p - a potion of might {unknown}
 q - 2 potions of heal wounds
 r - a potion of restore abilities
 w - a potion of resistance {unknown}
 x - 3 potions of flight
 z - a potion of invisibility {unknown}
 B - a potion of curing {unknown}
Comestibles
 f - 2 meat rations
 g - 7 fruits
 h - a royal jelly
 j - a beef jerky
 m - a slice of pizza
 u - a bread ration


   Skills:
 - Level 2.4 Fighting
 + Level 8.7 Axes
 - Level 2.0 Throwing
 - Level 2.4 Dodging


You had 5 spell levels left.
You didn't know any spells.

Dungeon Overview and Level Annotations

Branches:
Dungeon (4/15)
 Temple: D:4-7

Altars:


Message History

The orc wizard hits you but does no damage.
The orc wizard gestures at you while chanting.
The puff of flame hits you!
The orc priest mumbles some strange prayers to Beogh.
You feel a wave of unholy energy pass over you.
The orc wizard points at you and mumbles some strange words.
The puff of frost hits you!
The orc wizard points at you and mumbles some strange words.
The puff of frost hits you!
The orc priest's eyes start to glow.
The orc wizard casts a spell at you. The puff of flame hits you!
* * * LOW HITPOINT WARNING * * *
The orc wizard gestures at you while chanting.
The puff of frost hits you!
* * * LOW HITPOINT WARNING * * *
The orc wizard is no longer moving quickly.
The orc priest mumbles some strange prayers to Beogh against you.
Something smites you!
You die...

################## ..
####................#
.o...
#....##############.#
.....# #.####... #.#
.....# #.####.## #.#
.....# #....)..# #.#
.....# ######..# #.#
.....# #@.# #.# .....#
#o.# #.### $.o..### #o.#
#.#.. .......# #..# #.#.#
.......# #..# #.#.#
.......# #..# #.#.#
.......#########o.##...#
#.#.#
..........oo...o.........
#.#.#
.......#################
#.#.#


You could see an orc priest, an orc wizard and 2 orcs.

Vanquished Creatures
  Ijyb (D:2)
  3 adders
  4 gnolls
  A giant mite (Sewer)
  7 worms
  2 giant geckos
  6 oozes
  5 orcs (D:3)
  2 ball pythons
  17 bats
  2 giant cockroaches
  9 hobgoblins
  4 jackals (Sewer)
  8 kobolds
  7 giant newts
  11 goblins
  9 rats
98 creatures vanquished.

Notes
Turn   | Place    | Note
--------------------------------------------------------------
     0 | D:1      | dysrexia, the Hill Orc Gladiator, began the quest for the Orb.
     0 | D:1      | Reached XP level 1. HP: 18/18 MP: 1/1
    80 | D:1      | Reached skill level 5 in Axes
    80 | D:1      | Reached XP level 2. HP: 25/25 MP: 2/2
   331 | D:1      | Reached XP level 3. HP: 27/30 MP: 3/3
   987 | D:2      | Reached skill level 6 in Axes
  1257 | D:2      | Reached XP level 4. HP: 28/37 MP: 4/4
  1525 | D:2      | Noticed Ijyb
  1528 | D:2      | Reached skill level 7 in Axes
  1552 | D:2      | Killed Ijyb
  1552 | D:2      | Reached XP level 5. HP: 35/42 MP: 5/5
  1838 | D:3      | Found a glowing drain.
  1842 | Sewer    | Entered a sewer
  1912 | Sewer    | Reached skill level 8 in Axes
  2752 | D:3      | Reached XP level 6. HP: 48/50 MP: 6/6
  3218 | D:4      | HP: 2/50 [orc wizard/puff of frost (11)]
  3221 | D:4      | Killed from afar by an orc priest

Action                   |  1- 3 |  4- 6 || total
-------------------------+-------+-------++-------
Melee: War axe           |   101 |   177 ||   278
       Trident           |       |    14 ||    14
  Use: Scroll            |     3 |    11 ||    14
       Potion            |       |     1 ||     1
  Eat: Chunk             |     1 |     7 ||     8
